 Dungeon Crawl Stone Soup version 0.14.2 (webtiles) character file.

9124 glosham the Nimble (level 11, -2/84 HPs)
             Began as a Formicid Warper on Apr 11, 2017.
             Was the Champion of Cheibriados.
             Slain by a hill giant
             ... wielding a +0,+0 giant club
              (34 damage)
             ... on Level 11 of the Dungeon on Apr 12, 2017.
             The game lasted 03:04:05 (8755 turns).

glosham the Nimble (Formicid Warper)                Turns: 8755, Time: 03:04:05

HP  -2/84        AC  6     Str 31      XL: 11   Next: 54%
MP  24/25        EV 26     Int 31      God: Cheibriados [******]
Gold 763         SH  0     Dex 25      Spells:  5 memorised,  7 levels left

rFire  . . .     SeeInvis +     a - +4,+5 spear (distort) {!w}
rCold  . . .     Clarity  .     X - +1 ring mail
rNeg   . . .     Conserve .     (no shield)
rPois  .         rCorr    .     (helmet unavailable)
rElec  .         rRot     .     (no cloak)
SustAb . .       Spirit   .     (no gloves)
rMut   .         Warding  .     (no boots)
Saprov . . .     Stasis   +     (no amulet)
MR     +....                    B - +2 ring of evasion
                                A - +2 ring of evasion

@: shrouded, very slow, somewhat resistant to hostile enchantments, stealthy
A: permanent stasis, dig shafts and tunnels, four strong arms, antennae 3
a: Dig, Shaft Self, Bend Time, Temporal Distortion, Slouch, Step From Time,
Renounce Religion


You were on level 11 of the Dungeon.
You worshipped Cheibriados.
Cheibriados was exalted by your worship.
You were not hungry.

You visited 2 branches of the dungeon, and saw 12 of its levels.
You also visited: Sewer and Ossuary.

You collected 763 gold pieces.

Inventory:

Hand weapons
 a - a +4,+5 spear of distortion (weapon) {!w}
 b - a +0,+2 great mace of protection
 c - a cursed +1,+1 dire flail
 d - a +0 blowgun
 e - a +0 blowgun
 f - a +1 blowgun
 r - a +0,+0 club
 s - a +2,+0 bow of flame
 u - a +0,+1 short sword
Missiles
 g - 23 arrows
 k - 70 poisoned needles
 m - 47 stones (quivered)
 o - 2 throwing nets
 U - 8 curare-tipped needles
Armour
 y - a +0 scale mail
 N - a +0 leather armour of positive energy
 X - a +1 ring mail (worn)
Magical devices
 h - a wand of fire (0)
 i - a wand of lightning (0)
 F - a wand of magic darts (6)
 Q - a wand of lightning (4)
Comestibles
 S - 9 bread rations
 W - 8 meat rations
 Y - 6 beef jerkies
Scrolls
 p - a scroll of recharging
 q - a scroll of enchant armour
 x - 2 scrolls of amnesia
 I - 3 scrolls of fear
 J - 5 scrolls of remove curse
 T - 3 scrolls of immolation
Jewellery
 A - a +2 ring of evasion (left hand)
 B - a +2 ring of evasion (right hand)
Potions
 j - a potion of brilliance
 l - 2 potions of agility
 t - 2 potions of cure mutation {!q}
 v - 4 potions of might
 z - 7 potions of curing
 D - a potion of resistance
 K - 5 potions of heal wounds
 O - a potion of flight
 P - 2 potions of restore abilities
Books
 n - a book of War Chants

   Spells                             Type                      Level
   Fire Brand                         Charms/Fire                  2
   Freezing Aura                      Charms/Ice                   2
   *Shroud of Golubria                Charms/Translocation         2
   *Repel Missiles                    Charms/Air                   2
   Poison Weapon                      Charms/Poison                3
   *Regeneration                      Charms/Necromancy            3
 w - a book of Spatial Translocations

   Spells                             Type                      Level
   *Apportation                       Translocation                1
   Blink                              Translocation                2
   *Shroud of Golubria                Charms/Translocation         2
   Portal Projectile                  Translocation                3
   Teleport Other                     Translocation                3
   *Passage of Golubria               Translocation                4
 C - a book of Power

   Spells                             Type                      Level
   Fulminant Prism                    Conjuration/Hexes            4
   Iskenderun's Mystic Blast          Conjuration                  4
   Venom Bolt                         Conjuration/Poison           5
   Bolt of Magma                      Conjuration/Fire/Earth       5
   Iron Shot                          Conjuration/Earth            6
   Orb of Destruction                 Conjuration                  7


   Skills:
 - Level 7.0 Fighting
 - Level 2.0 Maces & Flails
 - Level 4.3 Polearms
 - Level 0.7 Throwing
 - Level 3.5 Armour
 * Level 10.5 Dodging
 - Level 3.6 Stealth
 - Level 4.6 Spellcasting
 - Level 4.5 Translocations
 * Level 9.0 Invocations


You had 7 spell levels left.
You knew the following spells:

 Your Spells              Type           Power        Failure   Level  Hunger
a - Apportation           Tloc           #####.....   1%          1    None
d - Repel Missiles        Chrm/Air       #.....       10%         2    None
g - Passage of Golubria   Tloc           N/A          12%         4    ###....
r - Regeneration          Chrm/Necr      #.........   17%         3    #......
s - Shroud of Golubria    Chrm/Tloc      ###.......   4%          2    None


Dungeon Overview and Level Annotations

Branches:
Dungeon (11/15)            Temple (1/1) D:6             Orc (0/4) D:11
   Lair (0/8) D:9

Altars:
Cheibriados
Vehumet
Xom
Yredelemnul


Innate Abilities, Weirdness & Mutations

Your are under a permanent stasis effect.
You can dig through walls and to a lower floor.
Your four strong arms can wield two-handed weapons with a shield.
You have a pair of large antennae on your head (SInv).


Message History

You puncture the ogre!
You kill the ogre!
Cheibriados appreciates the change of pace.
You see here a giant spiked club.
You are feeling hungry.
Eat which item? (? for menu, Esc to quit)
You finish eating.
That orange was delicious!
Even the peel tasted good!
Found a stone staircase leading up.
The hill giant shouts!
Cast which spell? (? or * to list) Space distorts slightly along a thin shroud covering your body.
Attack whom?
Press: ? - help, Dir - move target cursor, f - hill giant
Aim: a hill giant, wielding a giant club You reach to attack!
You hit the hill giant.
Space warps horribly around the hill giant!
The hill giant is moderately wounded.
Attack whom?
Press: ? - help, Dir - move target cursor, f/p - hill giant
Aim: a hill giant, wielding a giant club (moderately wounded)
You reach to attack!
You puncture the hill giant!
Space bends around the hill giant.
The hill giant is moderately wounded.
You hit the hill giant.
The hill giant is heavily wounded.
The hill giant blinks!
You barely miss the hill giant.
The hill giant is heavily wounded.
The hill giant completely misses you.
You hit the hill giant.
Space bends around the hill giant.
The hill giant is heavily wounded.
You barely miss the hill giant.
The hill giant is heavily wounded.
The hill giant hits you with a giant club!
You hit the hill giant but do no damage.
The hill giant looks slightly unstable.
The hill giant is heavily wounded.
The hill giant hits you with a giant club!
You die...

.. #.##.# #.. . ...
#.##.# ### #.
#..###.##.#
......##.##.#
.#.#.##.##.# ..#.##.##.#
#.#.##.##.#
##.#.#.#.##.##.#
#.....<@....##.#########
#.####C####.##.)........
#.......#..........
.....####.##..........
###.#.......#########
#.#.......#........ .
#.#.......#........ ...
#.#.......#........ #..
.#.......#........


You could see a hill giant.

Vanquished Creatures
  An unseen horror (D:11)
  Joseph (D:7)
  2 trolls
  A basilisk (D:11)
  A shark (D:9)
  2 deep elf magi
  3 wargs (D:11)
  Edmund (D:7)
  4 wolves (D:9)
  2 sky beasts
  2 water moccasins (D:9)
  6 ogres
  A giant goldfish (D:9)
  2 orc warriors
  3 centaurs
  6 giant frogs
  Blork the orc (D:8)
  4 big kobolds
  3 scorpions
  9 wights
  A tengu zombie (D:11)
  4 killer bees (D:9)
  2 electric eels (D:9)
  5 crimson imps
  5 jellies
  A centaur zombie (D:5)
  2 orc priests
  7 hounds
  An iron imp (D:6)
  An iguana (D:7)
  3 big fish
  3 orc wizards
  8 worker ants
  Ijyb (D:2)
  2 ogre skeletons
  2 hound zombies (Ossuary)
  3 mummies (Ossuary)
  3 gnolls (D:3)
  10 adders
  2 green rats
  3 shadow imps
  2 worms
  4 giant mites
  A white imp (D:6)
  An ufetubus (D:6)
  2 adder zombies (Ossuary)
  An adder skeleton (D:9)
  The ghost of glosham the Grasshopper, a weakling FoWr (D:3)
  The ghost of glosham the Grasshopper, a weakling FoWr of Cheibriados (D:5)
  2 giant eyeballs
  4 giant geckos
  An ooze (D:3)
  17 orcs
  5 giant cockroaches
  13 goblins
  19 hobgoblins
  5 quokkas
  4 ball pythons
  16 bats
  A giant gecko skeleton (D:4)
  2 giant newts
  2 giant spores (D:7)
  A gnoll zombie (Ossuary)
  A hobgoblin skeleton (D:9)
  4 hobgoblin zombies
  13 jackals
  A jackal zombie (Ossuary)
  45 kobolds
  4 orc zombies
  A quokka zombie (D:6)
  18 rats
  A rat zombie (Ossuary)
  2 ballistomycetes (D:7)
  5 butterflies (D:6)
  3 plants (D:7)
327 creatures vanquished.

Vanquished Creatures (collateral kills)
  A big fish (D:9)
1 creature vanquished.

Vanquished Creatures (others)
  A troll (D:10)
  A wraith (D:7)
  Eustachio (D:6)
  A hungry ghost (D:8)
  An orc warrior (D:11)
  A giant goldfish (D:9)
  2 ogres
  A scorpion (D:5)
  A troll skeleton (D:11)
  3 wights
  2 killer bees
  A goliath beetle (D:10)
  A crimson imp (D:9)
  A centaur zombie (D:5)
  An iguana (D:9)
  A worker ant zombie (D:7)
  A mummy (Ossuary)
  2 adders
  A worm (D:3)
  An adder zombie (D:7)
  A giant eyeball (D:10)
  2 hobgoblins
  A jackal (D:9)
  A giant newt (D:6)
  A kobold (D:1)
  2 ballistomycetes (D:7)
  6 plants (D:7)
39 creatures vanquished.

Grand Total: 367 creatures vanquished

Notes
Turn   | Place    | Note
--------------------------------------------------------------
     0 | D:1      | glosham, the Formicid Warper, began the quest for the Orb.
     0 | D:1      | Reached XP level 1. HP: 16/16 MP: 3/3
     3 | D:1      | You fall through a shaft!
     6 | D:2      | You fall through a shaft for 2 floors!
    37 | D:4      | Noticed an orc wizard
   115 | D:3      | Reached XP level 2. HP: 21/23 MP: 5/5
   136 | D:3      | Reached skill level 3 in Fighting
   190 | D:3      | Found a basalt altar of Yredelemnul.
   190 | D:3      | Found a radiant altar of Vehumet.
   191 | D:3      | Found a snail-covered altar of Cheibriados.
   211 | D:3      | Became a worshipper of Cheibriados the Contemplative
   449 | D:3      | Learned a level 2 spell: Shroud of Golubria
   452 | D:3      | Learned a level 2 spell: Fire Brand
   589 | D:3      | Reached XP level 3. HP: 22/29 MP: 1/7
   719 | D:2      | Reached skill level 4 in Fighting
   950 | D:1      | Reached skill level 1 in Polearms
  1006 | D:1      | Reached XP level 4. HP: 37/37 MP: 8/8
  1373 | D:1      | Learned a level 2 spell: Repel Missiles
  1553 | D:2      | Reached skill level 2 in Polearms
  1661 | D:2      | Reached XP level 5. HP: 27/43 MP: 11/11
  1707 | D:2      | Found a shimmering altar of Xom.
  1889 | D:2      | Noticed Ijyb
  1898 | D:2      | Killed Ijyb
  1898 | D:2      | Reached skill level 5 in Fighting
  2051 | D:4      | Noticed a scorpion
  2070 | D:4      | Killed a scorpion
  2191 | D:3      | Noticed glosham's ghost (weakling FoWr)
  2197 | D:3      | Killed glosham's ghost
  2197 | D:3      | Reached XP level 6. HP: 50/52 MP: 12/12
  2252 | D:3      | Reached skill level 6 in Fighting
  2317 | D:4      | Noticed an orc priest
  2322 | D:4      | Killed an orc priest
  2346 | D:4      | Noticed a worker ant
  2357 | D:4      | Killed an orc wizard
  2361 | D:4      | Killed a worker ant
  2407 | D:4      | Acquired Cheibriados' first power
  2426 | D:4      | Noticed a worker ant
  2433 | D:4      | Killed a worker ant
  2473 | D:3      | Reached skill level 7 in Fighting
  2556 | D:2      | Learned a level 4 spell: Passage of Golubria
  2650 | D:5      | Entered Level 5 of the Dungeon
  2733 | D:5      | Reached XP level 7. HP: 42/60 MP: 12/14
  2798 | D:5      | Found a glowing drain.
  2803 | D:5      | Reached skill level 3 in Translocations
  2847 | Sewer    | Entered a sewer
  2944 | Sewer    | Found a white marble altar of Elyvilon.
  2956 | Sewer    | Reached skill level 3 in Spellcasting
  3067 | D:5      | Noticed glosham's ghost (weakling FoWr)
  3072 | D:5      | Killed glosham's ghost
  3230 | D:3      | Acquired Cheibriados' second power
  3418 | D:4      | Noticed an ogre
  3420 | D:4      | Killed an ogre
  3420 | D:4      | Reached skill level 4 in Spellcasting
  3420 | D:4      | Reached skill level 4 in Translocations
  3420 | D:4      | Reached XP level 8. HP: 67/67 MP: 18/20
  3422 | D:4      | Noticed a worker ant
  3423 | D:4      | Killed a worker ant
  3854 | D:6      | Found a staircase to the Ecumenical Temple.
  3929 | D:6      | Noticed Eustachio
  3969 | Temple   | Entered the Ecumenical Temple
  4161 | D:6      | Killed Eustachio
  4161 | D:6      | Reached skill level 2 in Armour
  4209 | D:6      | Reached skill level 3 in Armour
  4439 | D:6      | Reached skill level 1 in Invocations
  4513 | D:6      | Reached skill level 2 in Invocations
  4625 | D:6      | Reached skill level 3 in Invocations
  4650 | D:6      | Reached skill level 4 in Invocations
  4689 | D:6      | Reached skill level 5 in Invocations
  4689 | D:6      | Reached XP level 9. HP: 50/72 MP: 22/22
  4737 | D:6      | Acquired Cheibriados' third power
  4756 | D:7      | Reached skill level 6 in Invocations
  4759 | D:7      | Reached skill level 7 in Invocations
  4793 | D:7      | Reached skill level 8 in Invocations
  4820 | D:7      | Found a sand-covered staircase.
  4829 | Ossuary  | Entered an ossuary
  5073 | D:7      | Reached skill level 9 in Invocations
  5176 | D:7      | Reached skill level 1 in Stealth
  5186 | D:7      | Reached skill level 2 in Stealth
  5220 | D:7      | Noticed Edmund
  5224 | D:7      | Killed Edmund
  5224 | D:7      | Reached skill level 3 in Stealth
  5448 | D:7      | Noticed Joseph
  5450 | D:7      | Killed Joseph
  5450 | D:7      | Reached skill level 3 in Polearms
  5462 | D:7      | Reached skill level 4 in Polearms
  5546 | D:7      | Reached XP level 10. HP: 70/79 MP: 24/24
  5781 | D:7      | Learned a level 3 spell: Regeneration
  5792 | D:8      | Noticed Blork the orc
  5796 | D:8      | Killed Blork the orc
  5796 | D:8      | Reached skill level 2 in Dodging
  6055 | D:8      | Reached skill level 3 in Dodging
  6407 | D:8      | Found a shimmering altar of Xom.
  6529 | D:8      | Reached skill level 4 in Dodging
  6699 | D:9      | Reached skill level 5 in Dodging
  6735 | D:9      | Reached skill level 6 in Dodging
  6757 | D:9      | Found a staircase to the Lair.
  7191 | D:9      | Reached skill level 7 in Dodging
  7426 | D:10     | Entered Level 10 of the Dungeon
  7562 | D:10     | Reached skill level 8 in Dodging
  7598 | D:10     | Reached XP level 11. HP: 78/84 MP: 25/25
  7950 | D:9      | Reached skill level 9 in Dodging
  8509 | D:11     | Noticed a centaur warrior
  8538 | D:11     | Noticed an unseen horror
  8547 | D:11     | Killed an unseen horror
  8547 | D:11     | Reached skill level 10 in Dodging
  8634 | D:11     | Noticed a hill giant
  8683 | D:11     | Found a staircase to the Orcish Mines.
  8755 | D:11     | Slain by a hill giant

Action                   |  1- 3 |  4- 6 |  7- 9 | 10-12 || total
-------------------------+-------+-------+-------+-------++-------
Melee: Flail             |    70 |       |       |       ||    70
       Mace              |     2 |       |       |       ||     2
       Spear             |    11 |   170 |   289 |   421 ||   891
Throw: Dart              |    23 |     7 |     3 |     2 ||    35
       Tomahawk          |       |       |     2 |       ||     2
       Stone             |       |       |       |     3 ||     3
 Cast: Fire Brand        |     6 |       |       |       ||     6
       Shroud of Golubri |     1 |       |       |    31 ||    32
       Apportation       |       |       |    14 |     1 ||    15
Invok: Slouch            |       |       |     3 |     1 ||     4
 Abil: Shaft Self        |     2 |       |       |       ||     2
Evoke: Wand              |       |       |    22 |    12 ||    34
  Use: Scroll            |     4 |     9 |    11 |     7 ||    31
       Potion            |       |       |     2 |       ||     2
 Stab: Distracted        |       |       |     1 |     1 ||     2
       Sleeping          |       |       |       |    11 ||    11

Table legend:
 A = Turns spent in this place as a percentage of turns spent in the entire game.
 B = Non-inter-level travel turns spent in this place as a percentage of non-inter-level travel turns spent in the entire game.
 C = Inter-level travel turns spent in this place as a percentage of turns spent in this place.
 D = Turns resting spent in this place as a percentage of non-inter-level travel turns spent in this place.
 E = Turns spent auto-exploring this place as a percentage of non-inter-level travel turns spent in this place.
 F = Non-inter-level travel turns spent in this place divided by the number of levels of this place that you've seen.
                   A       B       C       D       E      F
               +-------+-------+-------+-------+-------+----------------------
         Total | 100.0 | 100.0 |   0.5 |   0.2 |   0.1 | 462.4
       Dungeon |  95.0 |  94.9 |   0.6 |   0.2 |   0.1 | 558.6
        Temple |   0.2 |   0.2 |   0.0 |   0.0 |   0.0 |  10.0
         Sewer |   1.8 |   1.8 |   0.0 |   0.0 |   0.0 | 118.0
       Ossuary |   3.1 |   3.1 |   0.0 |   0.0 |   0.0 | 200.0
               +-------+-------+-------+-------+-------+----------------------

Table legend:
 A = Kills in this place as a percentage of kills in entire the game.
 B = Kills by you in this place as a percentage of kills by you in the entire game.
 C = Kills by friends in this place as a percentage of kills by friends in the entire game.
 D = Other kills in this place as a percentage of other kills in the entire game.
 E = Experience gained in this place as a percentage of experience gained in the entire game.
 F = Experience gained in this place divided by the number of levels of this place that you have seen.
                   A       B       C       D       E      F
               +-------+-------+-------+-------+-------+----------------------
         Total | 100.0 | 100.0 | 100.0 | 100.0 | 100.0 | 853.2
       Dungeon |  91.4 |  90.9 | 100.0 |  96.6 |  97.6 | 1059.9
         Sewer |   3.8 |   4.2 |   0.0 |   0.0 |   1.3 | 152.0
       Ossuary |   4.7 |   4.9 |   0.0 |   3.4 |   1.1 | 134.0
               +-------+-------+-------+-------+-------+----------------------

Vault maps used:
D:1:      dpeg_arrival_tiny_i
D:2:      xom_obstacle_run, uniq_iyjb
D:3:      gammafunk_temple_overflow_claw
D:4:      first_bread
D:5:      portal_sewer_entry_d, minmay_bad_closet
D:6:      minmay_temple_entry_butterflies, lemuel_flame_loot_1, uniq_eustachio
D:7:      kennysheep_kobold_camp, lightli_ossuary_entry_decrepit_ruins,
          uniq_edmund, uniq_joseph
D:8:      kennysheep_little_box, uniq_blork_the_orc
D:9:      erik_lair_island, grunt_ogre_cave
D:11:     minmay_orc_entry_guard_dogs, kennysheep_generic_room_3
Temple:   minmay_temple_forest_path_12
Sewer:    sewer_kobolds
Ossuary:  ossuary_minmay_tomb_2a
